AoeStats
← Spectres

Nomad

510048896Analyzed
2v2 RM · 3d ago on Sep 29, 2026· 47m 25s· 4 players
Game mode
Random Map
Map size
176×176
Population
200
Speed
Normal
Resources
Standard
Victory
Conquest
Starting age
Dark Age
Ending age
Imperial Age
RankedLock teamsTeams togetherTeam positionsShared explorationLock speedFull tech treeHidden civsTurbo modeCheats
Victory
Defeat
🇨🇭 Armenians · Switzerland
1230
+12
🇩🇪 Bohemians · Germany
1095
+18
🇳🇱 Vikings · Netherlands
1186
-17
🇸🇰 Vietnamese · Slovakia
1102
-13
Rado
5:17 Loom
13:06 Feudal Age
16:54 Castle Age
15:44 Stone Mining
17:08 Fletching
31:28 Imperial Age
30:42 Horse Collar
31:03 Double-Bit Axe
37:54 Bodkin Arrow
43:28 Bow Saw
44:26 Padded Archer Armor
Streindert
5:11 Loom
15:44 Feudal Age
16:13 Double-Bit Axe
16:08 Man-at-Arms
17:06 Arson
17:53 Horse Collar
19:51 Fishing Lines
24:42 Castle Age
23:18 Scale Mail Armor
28:12 Squires
30:09 Town Watch
30:39 Bow Saw
31:16 Gold Mining
34:25 Stone Mining
35:31 Chain Mail Armor
35:27 Forging
37:39 Chieftains
42:07 Iron Casting
Spectres
5:30 Loom
13:09 Feudal Age
14:12 Double-Bit Axe
21:34 Castle Age
19:35 Stone Mining
19:38 Gold Mining
21:07 Bloodlines
21:59 Forging
21:51 Scale Mail Armor
25:45 Wheelbarrow
25:55 Scale Barding Armor
33:19 Imperial Age
30:47 Fletching
30:58 Padded Archer Armor
31:42 Bodkin Arrow
32:23 Bow Saw
33:26 Ballistics
33:04 Heated Shot
33:32 Leather Archer Armor
34:10 Hand Cart
34:10 Horse Collar
35:22 Conscription
36:21 Bracer
36:01 Elite Composite Bowman
38:34 Chemistry
39:23 Ring Archer Armor
41:15 Chain Barding Armor
40:51 Light Cavalry
41:55 Heavy Plow
45:52 Iron Casting
45:33 Chain Mail Armor
MagnificentBaby
5:13 Loom
13:16 Feudal Age
17:45 Castle Age
16:47 Double-Bit Axe
21:51 Fletching
25:45 Demolition Ship
31:44 Bodkin Arrow
Connection lost

Rejoining the realm…

Still unreachable

The connection could not be restored.

Session expired

The server has moved on; the page needs a fresh start.